ORI
UNIVERSITY OF CONNETICUT HUSKIES @ UNIVERSITY OF OKLAHOMA SOONERS
11/22/2045
 
TOP OF THE 1ST
Bradenton Marauders batting - Pitching for Potomac Nationals : RHP Dave Hendriks
Pitching: RHP Dave Hendriks
Batting: RHB Slamet Pamungkas 0-0: Ball
1-0: Fly out, F9 (Flyball, 9S, EV 90.0 MPH)
Batting: LHB Alex Mandry 0-0: Called Strike
0-1: Ball
1-1: Fly out, F8 (Flyball, 8RS, EV 86.9 MPH)
Batting: SHB Mike Jorgenson 0-0: Foul Ball, location: 2F
0-1: Foul Ball, location: 2F
0-2: Ball
1-2: Ground out 5-3 (Groundball, 5, EV 88.1 MPH)
Top of the 1st over - 0 runs, 0 hits, 0 errors, 0 left on base; Bradenton 0 - Potomac 0
BOTTOM OF THE 1ST
Potomac Nationals batting - Pitching for Bradenton Marauders : RHP Robby Granados
Pitching: RHP Robby Granados
Batting: RHB Alex Sandoval 0-0: Ball
1-0: Ball
2-0: Ball
3-0: Base on Balls
Batting: RHB Chris Lee 0-0: Called Strike
0-1: Swinging Strike
0-2: Strikes out swinging
Batting: LHB Yasahiko Teshima 0-0: Called Strike
0-1: Ball
1-1: DOUBLE (Line Drive, 9D, EV 94.4 MPH)
Alex Sandoval to third
Batting: LHB Armando Carbajal 0-0: Called Strike
0-1: Reached via error on a dropped throw from 2B, E3 (Groundball, 4, EV 88.1 MPH)
Alex Sandoval scores
Yasahiko Teshima to third
Batting: RHB Matt Patterson 0-0: Ball
1-0: Ball
2-0: Ball
3-0: Base on Balls
Armando Carbajal to second
Batting: RHB Josh Kuck 0-0: Ball
1-0: Ball
2-0: Called Strike
2-1: Fly out, F4 (Popup, 3DF, EV 46.3 MPH)
Batting: RHB Manny Jiu 0-0: Called Strike
0-1: Swinging Strike
0-2: Ball
1-2: Ground out 2-3 (Groundball, 13S, EV 69.4 MPH)
Bottom of the 1st over - 1 run, 1 hit, 1 error, 3 left on base; Bradenton 0 - Potomac 1
TOP OF THE 2ND
Bradenton Marauders batting - Pitching for Potomac Nationals : RHP Dave Hendriks
Batting: RHB Pedro Criollo 0-0: Called Strike
0-1: Ball
1-1: Foul Ball, location: 2F
1-2: SINGLE (Groundball, 34D, EV 109.4 MPH)
Batting: RHB Lupe Covarrubias 0-0: Ball
Passed Ball!
Pedro Criollo to second
1-0: Ball
2-0: Ball
3-0: Base on Balls
Batting: RHB Yoshiaki Tsutsui 0-0: Fly out, F8 (Flyball, 8RXD, EV 93.1 MPH)
Runner from 2nd tags up, SAFE at 3rd, no throw by CF
Batting: SHB Francisco Salazar 0-0: Foul Ball, location: 2F
0-1: Ball
1-1: Ball
2-1: Ball
3-1: Base on Balls
Lupe Covarrubias to second
Batting: RHB Sergio Aceves 0-0: Ball
1-0: SINGLE (Groundball, 6D, EV 93.8 MPH)
Pedro Criollo scores
Lupe Covarrubias to third
Francisco Salazar to second
Runner from 3rd tries for Home, SAFE, throw by CF to home
Batting: RHB Robby Granados 0-0: Bunt missed!
0-1: Bunt missed!
0-2: Sac Bunt to 13S - play at first, batter OUT! 1-4
Francisco Salazar to third
Sergio Aceves to second
Batting: RHB Slamet Pamungkas 0-0: SINGLE (Line Drive, 34, EV 96.9 MPH)
Francisco Salazar scores
Sergio Aceves to third
Runner from 3rd tries for Home, throw by RF and OUT! 9-2
Top of the 2nd over - 3 runs, 3 hits, 0 errors, 1 left on base; Bradenton 3 - Potomac 1
BOTTOM OF THE 2ND
Potomac Nationals batting - Pitching for Bradenton Marauders : RHP Robby Granados
Batting: RHB Jose Bengochea 0-0: Foul Ball, location: 2F
0-1: SINGLE (Groundball, 4MD, EV 96.3 MPH)
Batting: RHB Dave Hendriks 0-0: Ball
1-0: Bunted foul
1-1: Ball
2-1: Bunt missed!
2-2: Sac Bunt to 23 - play at first, batter OUT! 3-4
Jose Bengochea to second
Batting: RHB Alex Sandoval 0-0: Ball
1-0: Swinging Strike
1-1: Called Strike
1-2: Ball
2-2: Ball
3-2: Foul Ball, location: 2F
3-2: Foul Ball, location: 2F
3-2: Foul Ball, location: 2F
3-2: Strikes out swinging
Batting: RHB Chris Lee 0-0: Ball
1-0: SINGLE (Line Drive, 8LS, EV 94.4 MPH)
Jose Bengochea to third
Runner from 3rd tries for Home, SAFE, throw by CF to home
Batting: LHB Yasahiko Teshima 0-0: Ball
1-0: Foul Ball, location: 2F
1-1: Ball
2-1: Ball
3-1: Foul Ball, location: 2F
3-2: Foul Ball, location: 2F
3-2: Strikes out swinging
Bottom of the 2nd over - 1 run, 2 hits, 0 errors, 1 left on base; Bradenton 3 - Potomac 2
TOP OF THE 3RD
Bradenton Marauders batting - Pitching for Potomac Nationals : RHP Dave Hendriks
Batting: LHB Alex Mandry 0-0: Ball
1-0: Foul Ball, location: 2F
1-1: Foul Ball, location: 2F
1-2: Foul Ball, location: 2F
1-2: Fly out, F7 (Flyball, 7LS, EV 86.3 MPH)
Batting: SHB Mike Jorgenson 0-0: Ball
1-0: Called Strike
1-1: Ground out 4-3 (Groundball, 4, EV 90.0 MPH)
Batting: RHB Pedro Criollo 0-0: Swinging Strike
0-1: Ball
1-1: Ball
2-1: Ground out 6-3 (Groundball, 6M, EV 106.9 MPH)
Top of the 3rd over - 0 runs, 0 hits, 0 errors, 0 left on base; Bradenton 3 - Potomac 2
BOTTOM OF THE 3RD
Potomac Nationals batting - Pitching for Bradenton Marauders : RHP Robby Granados
Batting: LHB Armando Carbajal 0-0: Ball
1-0: Called Strike
1-1: Fly out, F8 (Line Drive, 8LD, EV 110.0 MPH)
Batting: RHB Matt Patterson 0-0: Ball
1-0: Foul Ball, location: 2F
1-1: Ball
2-1: Called Strike
2-2: Strikes out swinging
Batting: RHB Josh Kuck 0-0: Called Strike
0-1: Swinging Strike
0-2: Ball
1-2: Ball
2-2: Ground out 5-3 (Groundball, 5, EV 78.1 MPH)
Bottom of the 3rd over - 0 runs, 0 hits, 0 errors, 0 left on base; Bradenton 3 - Potomac 2
TOP OF THE 4TH
Bradenton Marauders batting - Pitching for Potomac Nationals : RHP Dave Hendriks
Batting: RHB Lupe Covarrubias 0-0: Swinging Strike
0-1: Ball
1-1: Swinging Strike
1-2: Foul Ball, location: 2F
1-2: Ball
2-2: DOUBLE (Groundball, 5L, EV 99.4 MPH)
Batting: RHB Yoshiaki Tsutsui 0-0: Ball
1-0: Called Strike
1-1: DOUBLE (Line Drive, 7LS, EV 100.0 MPH)
Lupe Covarrubias scores
Batting: SHB Francisco Salazar 0-0: Ball
1-0: SINGLE (Line Drive, 6D, EV 96.9 MPH)
Yoshiaki Tsutsui to third
Batting: RHB Sergio Aceves 0-0: Foul Ball, location: 2F
0-1: Ball
1-1: Foul Ball, location: 2F
1-2: Strikes out swinging
Batting: RHB Robby Granados 0-0: Ball
Francisco Salazar steals 2nd base
1-0: Swinging Strike
1-1: Ball
2-1: Called Strike
2-2: Foul Ball, location: 2F
2-2: Strikes out swinging
Batting: RHB Slamet Pamungkas 0-0: Ball
1-0: Foul Ball, location: 2F
1-1: Ball
2-1: Ground out 4-3 (Groundball, 4M, EV 88.8 MPH)
Top of the 4th over - 1 run, 3 hits, 0 errors, 2 left on base; Bradenton 4 - Potomac 2
BOTTOM OF THE 4TH
Potomac Nationals batting - Pitching for Bradenton Marauders : RHP Robby Granados
Batting: RHB Manny Jiu 0-0: Called Strike
0-1: Ball
1-1: Foul Ball, location: 2F
1-2: Ball
2-2: Ball
3-2: Foul Ball, location: 2F
3-2: Fly out, F7 (Flyball, 7S, EV 91.3 MPH)
Batting: RHB Jose Bengochea 0-0: Called Strike
0-1: Called Strike
0-2: Ground out 6-3 (Groundball, 6, EV 98.1 MPH)
Batting: RHB Dave Hendriks 0-0: Ball
1-0: Swinging Strike
1-1: Foul Ball, location: 2F
1-2: Foul Ball, location: 2F
1-2: Strikes out swinging
Bottom of the 4th over - 0 runs, 0 hits, 0 errors, 0 left on base; Bradenton 4 - Potomac 2
TOP OF THE 5TH
Bradenton Marauders batting - Pitching for Potomac Nationals : RHP Dave Hendriks
Batting: LHB Alex Mandry 0-0: Called Strike
0-1: Ground out 4-3 (Groundball, 34, EV 84.4 MPH)
Batting: SHB Mike Jorgenson 0-0: SINGLE (Line Drive, 78S, EV 100.6 MPH)
Batting: RHB Pedro Criollo 0-0: Ball
1-0: Called Strike
1-1: Ball
2-1: Called Strike
2-2: Ball
3-2: Base on Balls
Mike Jorgenson to second
Batting: RHB Lupe Covarrubias 0-0: Ball
1-0: Fly out, F8 (Line Drive, 8RD, EV 86.9 MPH)
Batting: RHB Yoshiaki Tsutsui 0-0: Ball
1-0: Fly out, F7 (Flyball, 7S, EV 90.6 MPH)
Top of the 5th over - 0 runs, 1 hit, 0 errors, 2 left on base; Bradenton 4 - Potomac 2
BOTTOM OF THE 5TH
Potomac Nationals batting - Pitching for Bradenton Marauders : RHP Robby Granados
Batting: RHB Alex Sandoval 0-0: Called Strike
0-1: Foul Ball, location: 2F
0-2: Ball
1-2: Strikes out looking
Batting: RHB Chris Lee 0-0: Ball
1-0: Ground out 6-3 (Groundball, 56, EV 102.5 MPH)
Batting: LHB Yasahiko Teshima 0-0: Called Strike
0-1: Foul Ball, location: 2F
0-2: Strikes out swinging
Bottom of the 5th over - 0 runs, 0 hits, 0 errors, 0 left on base; Bradenton 4 - Potomac 2
TOP OF THE 6TH
Bradenton Marauders batting - Pitching for Potomac Nationals : RHP Dave Hendriks
Batting: SHB Francisco Salazar 0-0: Ball
1-0: Swinging Strike
1-1: Swinging Strike
1-2: Strikes out looking
Pitching: RHP Tony Castellanos
Batting: RHB Sergio Aceves 0-0: Foul Ball, location: 2F
0-1: Foul Ball, location: 2F
0-2: Ball
1-2: Ball
2-2: Ball
3-2: Strikes out swinging
Pinch Hitting: RHB Raul Mendoza 0-0: Swinging Strike
0-1: Called Strike
0-2: Ball
1-2: Ground out 6-3 (Groundball, 56, EV 85.6 MPH)
Top of the 6th over - 0 runs, 0 hits, 0 errors, 0 left on base; Bradenton 4 - Potomac 2
BOTTOM OF THE 6TH
Potomac Nationals batting - Pitching for Bradenton Marauders : RHP Robby Granados
Pitching: RHP Mark Campbell
Batting: LHB Armando Carbajal 0-0: Fly out, F8 (Line Drive, 8LM, EV 94.4 MPH)
Batting: RHB Matt Patterson 0-0: Ball
1-0: Ball
2-0: Ground out 6-3 (Groundball, 6MS, EV 86.3 MPH)
Batting: RHB Josh Kuck 0-0: Called Strike
0-1: Called Strike
0-2: Foul Ball, location: 2F
0-2: Ball
1-2: SINGLE (Groundball, 6MD, EV 106.9 MPH)
Batting: RHB Manny Jiu 0-0: Ball
1-0: Fly out, F3 (Popup, 3F, EV 68.8 MPH)
Bottom of the 6th over - 0 runs, 1 hit, 0 errors, 1 left on base; Bradenton 4 - Potomac 2
TOP OF THE 7TH
Bradenton Marauders batting - Pitching for Potomac Nationals : RHP Tony Castellanos
Batting: RHB Slamet Pamungkas 0-0: Ground out 5-3 (Groundball, 5L, EV 83.1 MPH)
Batting: LHB Alex Mandry 0-0: Ball
1-0: Ball
2-0: Ground out 6-3 (Groundball, 6, EV 100.6 MPH)
Batting: SHB Mike Jorgenson 0-0: Ball
1-0: Ball
2-0: Foul Ball, location: 2F
2-1: Called Strike
2-2: Ground out 4-3 (Groundball, 4M, EV 83.8 MPH)
Top of the 7th over - 0 runs, 0 hits, 0 errors, 0 left on base; Bradenton 4 - Potomac 2
BOTTOM OF THE 7TH
Potomac Nationals batting - Pitching for Bradenton Marauders : RHP Mark Campbell
Batting: RHB Jose Bengochea 0-0: SINGLE (Groundball, 6MD, EV 93.8 MPH)
Pinch Hitting: RHB Mazakazu Yasuda 0-0: Grounds into double play, 6-4-3 (Groundball, 6, EV 84.4 MPH)
Batting: RHB Alex Sandoval 0-0: Called Strike
0-1: Ball
1-1: Ball
2-1: Fly out, F9 (Flyball, 9, EV 78.1 MPH)
Bottom of the 7th over - 0 runs, 1 hit, 0 errors, 0 left on base; Bradenton 4 - Potomac 2
TOP OF THE 8TH
Bradenton Marauders batting - Pitching for Potomac Nationals : RHP Tony Castellanos
Pitching: RHP Gustavo Palacios
Batting: RHB Pedro Criollo 0-0: SINGLE (Line Drive, 8RS, EV 108.1 MPH)
Batting: RHB Lupe Covarrubias 0-0: Ball
1-0: Called Strike
1-1: Foul Ball, location: 2F
1-2: Fielders Choice at 2nd, 6-4 (Groundball, 56D, EV 83.1 MPH)
Batting: RHB Yoshiaki Tsutsui 0-0: Ball
1-0: Ball
2-0: Ball
3-0: Called Strike
3-1: Fielders Choice at 2nd, 5-4 (Groundball, 25, EV 85.6 MPH)
Batting: SHB Francisco Salazar 0-0: Ball
1-0: Ball
2-0: Ground out 4-3 (Groundball, 34, EV 82.5 MPH)
Top of the 8th over - 0 runs, 1 hit, 0 errors, 1 left on base; Bradenton 4 - Potomac 2
BOTTOM OF THE 8TH
Potomac Nationals batting - Pitching for Bradenton Marauders : RHP Mark Campbell
Batting: RHB Chris Lee 0-0: Ball
1-0: Called Strike
1-1: Called Strike
1-2: Strikes out swinging
Batting: LHB Yasahiko Teshima 0-0: Ball
1-0: Ground out 4-3 (Groundball, 4S, EV 81.9 MPH)
Batting: LHB Armando Carbajal 0-0: Called Strike
0-1: Ball
1-1: Ground out 4-3 (Groundball, 34, EV 102.5 MPH)
Bottom of the 8th over - 0 runs, 0 hits, 0 errors, 0 left on base; Bradenton 4 - Potomac 2
TOP OF THE 9TH
Bradenton Marauders batting - Pitching for Potomac Nationals : RHP Gustavo Palacios
Pitching: RHP Miguel Romero
Batting: RHB Sergio Aceves 0-0: Ball
1-0: Foul Ball, location: 2F
1-1: Ball
2-1: Foul Ball, location: 2F
2-2: Foul Ball, location: 2F
2-2: Fly out, F4 (Popup, 4, EV 57.5 MPH)
Pinch Hitting: RHB Nelson Ozuna 0-0: Ball
1-0: DOUBLE (Groundball, 5L, EV 106.3 MPH)
Batting: RHB Slamet Pamungkas 0-0: Ball
1-0: Called Strike
1-1: Ball
2-1: Ball
3-1: Foul Ball, location: 2F
3-2: Fly out, F6 (Popup, 6MS, EV 72.5 MPH)
Batting: LHB Alex Mandry 0-0: Ball
1-0: Ground out U3 (Groundball, 3L, EV 88.8 MPH)
Top of the 9th over - 0 runs, 1 hit, 0 errors, 1 left on base; Bradenton 4 - Potomac 2
BOTTOM OF THE 9TH
Potomac Nationals batting - Pitching for Bradenton Marauders : RHP Mark Campbell
Pitching: RHP Mike Hale
Batting: RHB Matt Patterson 0-0: SINGLE (Groundball, P, EV 86.3 MPH) (infield hit)
Batting: RHB Josh Kuck 0-0: Called Strike
0-1: Swinging Strike
0-2: Ball
1-2: Ball
2-2: Foul Ball, location: 2F
2-2: Foul Ball, location: 2F
2-2: Strikes out swinging
Batting: RHB Manny Jiu 0-0: Foul Ball, location: 2F
0-1: Ball
1-1: Fly out, F9 (Flyball, 9D, EV 98.8 MPH)
Pinch Hitting: LHB Andy Howard 0-0: Ball
1-0: Ground out U3 (Groundball, 3, EV 88.1 MPH)
Bottom of the 9th over - 0 runs, 1 hit, 0 errors, 1 left on base; Bradenton 4 - Potomac 2
Wednesday, June 22nd , 2022 - OOTP Baseball 23.4 Build 64